 Dungeon Crawl Stone Soup version 0.31.0-1-g2c135a0 (webtiles) character file.

Game seed: 16840965641080856523

121 uploadmind the Chopper (level 4, -1/34 HPs)
             Began as a Demonspawn Gladiator on Feb 22, 2024.
             Killed by divine providence
             ... invoked by an orc priest
              (14 damage)
             ... on level 3 of the Dungeon.
             The game lasted 00:06:30 (2646 turns).

uploadmind the Chopper (Demonspawn Gladiator)       Turns: 2646, Time: 00:06:31

Health: -1/34      AC: 10    Str: 16    XL:     4   Next: 76%
Magic:  4/4        EV: 11    Int:  5    God:
Gold:   203        SH:  0    Dex: 19    Spells: 3/3 levels left

rFire   . . .        a - +0 war axe
rCold   . . .        (no shield)
rNeg    . . .        p - +2 scale mail of the Ecumenical Temple {Int-3 Dex+4}
rPois   .            c - +0 helmet
rElec   .            (no cloak)
rCorr   .            (no gloves)
SInv    +            s - +0 pair of boots
Will    +....        (no amulet) Stlth
                     g - ring of willpower
HPRegen 0.25/turn    u - ring of see invisible
MPRegen 0.09/turn

%: no passive effects
@: no status effects
A: weakness stinger 2
a: no special abilities


You were on level 3 of the Dungeon.
You visited 1 branch of the dungeon, and saw 3 of its levels.

You collected 203 gold pieces.

Inventory:

Hand Weapons
 a - a +0 war axe (weapon)
Missiles
 d - 4 throwing nets (quivered)
Armour
 c - a +0 helmet (worn)
 p - the +2 scale mail of the Ecumenical Temple (worn) {Int-3 Dex+4}
   (You found it on level 2 of the Dungeon)

   Int-3:     It affects your intelligence (-3).
   Dex+4:     It affects your dexterity (+4).
 s - a +0 pair of boots (worn)
Jewellery
 g - a ring of willpower (left hand)
 u - a ring of see invisible (right hand)
Wands
 n - a wand of charming (3)
Scrolls
 e - a scroll of identify
 j - a scroll of blinking
 o - a scroll of torment
 r - a scroll of poison
Potions
 b - a potion of lignification
 f - 4 potions of curing
 h - a potion of enlightenment
 i - 2 potions of might
 k - 2 potions of heal wounds {unknown}
 l - 3 potions of invisibility
 m - 2 potions of attraction
 q - a potion of mutation {unknown}


   Skills:
 + Level 2.6 Fighting
 + Level 4.3 Axes
 + Level 1.8 Throwing
 + Level 1.0 Armour
 + Level 3.0 Dodging
 + Level 0.1 Stealth


You had 3 spell levels left.
You didn't know any spells.
Your spell library contained the following spells:

 Spells                   Type           Power      Damage    Failure   Level
 Blink                    Tloc           0%         N/A       96%         2
 Lesser Beckoning         Tloc           0%         N/A       96%         2
 Momentum Strike          Conj/Tloc      0%         3d8       96%         2
 Gell's Gravitas          Tloc           0%         N/A       99%         3
 Teleport Other           Tloc           0%         N/A       99%         3
 Tukima's Dance           Hex            0%         N/A       99%         3
 Passage of Golubria      Tloc           0%         N/A       100%        4
 Yara's Violent Unravell  Hex/Alch       0%         3d3       100%        5
 Dispersal                Tloc           0%         N/A       100%        6


Dungeon Overview and Level Annotations

Branches:
Dungeon (3/15)

Altars:

Shops:
D:2 [

Annotations:
D:2 1 runed translucent door, Crazy Yiuf


Innate Abilities, Weirdness & Mutations

You have a tail ending in a sharp stinger.


Message History

An orc comes into view. It is wielding a +0 falchion.
The orc wizard barely misses you. The endoplasm freezes you.
You are frozen.
You hit the orc wizard but do no damage.
The orc wizard is moderately wounded.
You hit the endoplasm.
The orc wizard mumbles some strange words.
The orc wizard flickers and vanishes for a moment.
The endoplasm hits you but does no damage.
You slash the orc wizard! You tail-slap the orc wizard.
You kill the orc wizard!
You completely miss the endoplasm. The endoplasm freezes you.
You are frozen.
An orc priest comes into view. It is wielding a +0 short sword.
The endoplasm hits you but does no damage.
The orc priest shouts!
You slash the orc!
You kill the orc!
You hit the orc. You hit the endoplasm.
You kill the endoplasm!
The orc barely misses you. The orc barely misses you.
Items here: )) [[ †.
You hit the orc priest but do no damage.
You slash the orc!
You kill the orc!
The orc priest hits you with a +0 short sword.
Your Armour skill increases to level 1!
You barely miss the orc priest.
The orc priest calls down the wrath of Beogh upon you.
Beogh smites you!
You closely miss the orc priest. The orc priest barely misses you.
The orc priest hits you but does no damage.
You closely miss the orc priest. You tail-slap the orc priest.
The orc priest is lightly wounded.
The orc priest mumbles some strange prayers to Beogh against you.
Beogh smites you!
You die...

# # #.# #
##.# # #..#
# # #..# .#
# #..# ..# #
#..####...#.
########
#..#).....!.
.......#
#...@o......
######.#
#.##........
#.#
#.#####...##
#.# #<# ..#
## #.#
####.#### .#
.# #.#
#.......# #
.# #.#
#.#####.# .#
#.# #.# #.#
.# #.# #.#
#.#


You could see an orc priest.

Vanquished Creatures
  An orc wizard (D:3)
  3 adders
  3 dart slugs (D:1)
  8 orcs (D:3)
  3 ball pythons
  3 bats
  8 endoplasms
  3 goblins
  5 hobgoblins
  9 kobolds
  2 quokkas
  2 frilled lizards
  3 rats
53 creatures vanquished.

Notes
Turn   | Place    | Note
-------+----------+-------------------------------------------
     0 | D:1      | uploadmind the Demonspawn Gladiator began the quest for the
                  | Orb.
     0 | D:1      | Reached XP level 1. HP: 16/16 MP: 1/1
   160 | D:1      | Reached skill level 3 in Axes
   259 | D:1      | Gained mutation: You have a small tail. [demonic ancestry]
   259 | D:1      | Reached XP level 2. HP: 18/22 MP: 2/2
   954 | D:1      | Gained mutation: You have a tail ending in a sharp stinger.
                  | [demonic ancestry]
   954 | D:1      | Reached XP level 3. HP: 23/27 MP: 3/3
  1495 | D:2      | Found a runed translucent door.
  1496 | D:2      | Noticed Crazy Yiuf
  1537 | D:2      | Found Douniacorgh's Antique Armour Shoppe.
  1825 | D:2      | Identified the +2 scale mail of the Ecumenical Temple
                  | {Int-3 Dex+4}
  2462 | D:3      | Reached skill level 4 in Axes
  2462 | D:3      | Reached XP level 4. HP: 33/33 MP: 4/4
  2644 | D:3      | Reached skill level 1 in Armour
  2646 | D:3      | Killed from afar by an orc priest

Illustrated notes

Levels and vault maps discovered:
D:1:      psy_arrival_conway, layout_basic, minmay_fountain_box, minivault_5,
          dreamdust_wishing_well, minivault_4, minmay_tromino_i4
D:2:      layout_loops_ring, serial_shops, shop, uniq_crazy_yiuf_cottage
D:3:      layout_loops_ring, uniq_terence

Skill      XL: |  1  2  3  4 |
---------------+-------------+-----
Axes           | 3 4 |  4.3
Dodging        | 3 |  3.0
Armour         | 1 |  1.0
Fighting       | |  2.6
Throwing       | |  1.8
Stealth        | |  0.1

Action                     |  1- 3 |  4- 6 || total
---------------------------+-------+-------++-------
  Melee: War axe           |    79 |    25 ||   104
         Tailslap          |     5 |     3 ||     8
    Use: Scroll            |    11 |       ||    11
 Armour: Leather armour    |     9 |       ||     9
         Scale mail        |    29 |    18 ||    47
         Plate armour      |    16 |       ||    16
  Dodge: Dodged            |    36 |    13 ||    49
